 Dungeon Crawl Stone Soup version 0.21.1-1-g345015fe64 (webtiles) character file.

590 Gargoyl the Skirmisher (level 7, -1/60 HPs)
             Began as a Centaur Abyssal Knight on Apr 19, 2018.
             Was a Priest of Lugonu.
             Slain by a bullfrog (6 damage)
             ... on level 6 of the Dungeon.
             The game lasted 00:08:15 (3955 turns).

Gargoyl the Skirmisher (Centaur Abyssal Knight)     Turns: 3955, Time: 00:08:15

Health: -1/60      AC:  9    Str: 12 (14) XL:     7   Next: 16%
Magic:  7/9        EV:  1    Int: 10 (11) God:    Lugonu [***...]
Gold:   142        SH:  0    Dex:  8 (11) Spells: 6/6 levels left

rFire    . . .     SeeInvis +   b - +2 war axe
rCold    . . .     Gourm    .   (no shield)
rNeg     . . .     Faith    .   d - +0 plate armour
rPois    .         Spirit   .   (no helmet)
rElec    .         Reflect  .   (no cloak)
rCorr    .         Harm     .   (no gloves)
MR       .....                  (no barding)
Stlth    ..........             (no amulet)
HPRegen  0.20/turn              g - ring of see invisible
MPRegen  0.11/turn              (no ring)

@: very quick
A: large, hooves 3, deformed body, speed 2, tough skin 3
a: Depart the Abyss, Bend Space, Banish, Renounce Religion


You were on level 6 of the Dungeon.
You worshipped Lugonu.
Lugonu was most pleased with you.
You were not hungry.

You visited 1 branch of the dungeon, and saw 5 of its levels.
You visited the Abyss 1 time.

You collected 142 gold pieces.

Inventory:

Hand Weapons
 a - a +1 hand axe
 b - a +2 war axe (weapon)
Armour
 d - a +0 plate armour (worn)
Jewellery
 g - a ring of see invisible (left hand)
Wands
 j - a wand of iceblast (10)
Scrolls
 e - a scroll of identify
 f - a scroll of fog
 i - 3 scrolls of remove curse
Potions
 h - a potion of curing
Books
 l - a book of Callings

   Spells                             Type                      Level
   a - Summon Small Mammal            Summoning                    1
   b - Call Imp                       Summoning                    2
   c - Call Canine Familiar           Summoning                    3
   d - Summon Guardian Golem          Hexes/Summoning              3
   e - Summon Lightning Spire         Summoning/Air                4
   f - Summon Ice Beast               Ice/Summoning                4
Comestibles
 c - 6 rations


   Skills:
 + Level 4.3 Fighting
 + Level 4.1 Axes
 * Level 3.6 Armour
 + Level 0.9 Dodging
 * Level 3.8 Invocations
 + Level 0.3 Evocations


You had 6 spell levels left.
You didn't know any spells.

Dungeon Overview and Level Annotations

Branches:
Dungeon (6/15)
 Temple: D:4-7

Altars:
Cheibriados


Innate Abilities, Weirdness & Mutations

You have hooves in place of feet.
Armour fits poorly on your strangely shaped body.
You cover ground very quickly.
You have extremely tough skin. (AC +3)


Message History

The bullfrog is severely wounded.
The bullfrog hits you.
* * * LOW HITPOINT WARNING * * *
The bullfrog hits you.
* * * LOW HITPOINT WARNING * * *
You hit the bullfrog but do no damage.
The bullfrog is severely wounded.
The bullfrog hits you but does no damage. x2
Your plate armour prevents you from hitting the bullfrog.
You kick the bullfrog, but do no damage.
The bullfrog is severely wounded.
The bullfrog hits you but does no damage. x2
You closely miss the bullfrog.
The bullfrog is severely wounded.
The bullfrog hits you but does no damage. x2
You closely miss the bullfrog.
You kick the bullfrog, but do no damage.
The bullfrog is severely wounded.
The bullfrog hits you.
You die...

........(..........
...................
............†(.....
...................
...................
...................
...................
...........))......
.......@..[......?
.......F..........
..................
####..............
##.............
#...#########..
#... .. .... ..


You could see a bullfrog.

Vanquished Creatures
  Grinder (D:3)
  A bullfrog (D:3)
  A scorpion (D:6)
  A centaur zombie (D:6)
  A hound (D:2)
  An orc priest (D:2)
  An orc wizard (D:2)
  A hound zombie (D:6)
  3 gnolls (D:3)
  2 adders (D:3)
  A shadow imp (D:6)
  A worm (D:2)
  2 dart slugs
  3 leopard geckos
  8 orcs
  A ball python (D:1)
  4 giant cockroaches
  9 goblins
  10 hobgoblins
  5 jackals
  13 bats
  6 frilled lizards
  7 kobolds
  14 rats
97 creatures vanquished.

Vanquished Creatures (collateral kills)
  An adder (D:2)
1 creature vanquished.

Vanquished Creatures (others)
  A centaur (D:6)
  A crimson imp (D:6)
  A gnoll (D:3)
3 creatures vanquished.

Grand Total: 101 creatures vanquished

Notes
Turn   | Place    | Note
-------+----------+-------------------------------------------
     0 | Abyss:1  | Gargoyl the Centaur Abyssal Knight began the quest for the Orb.
     0 | Abyss:1  | Reached XP level 1. HP: 19/19 MP: 2/2
     3 | Abyss:1  | Found a corrupted altar of Lugonu.
    55 | Abyss:1  | Found a corrupted altar of Lugonu.
   105 | Abyss:2  | Noticed a naga mage
   105 | Abyss:2  | Noticed a salamander
   105 | Abyss:2  | Noticed a hungry ghost
   106 | D:1      | Escaped the Abyss
   288 | D:1      | Reached XP level 2. HP: 22/26 MP: 3/3
   407 | D:1      | Reached * piety under Lugonu
   828 | D:1      | Reached XP level 3. HP: 26/31 MP: 4/4
  1651 | D:2      | Reached XP level 4. HP: 21/38 MP: 4/6
  1654 | D:2      | Reached ** piety under Lugonu
  2027 | D:2      | Reached XP level 5. HP: 34/45 MP: 7/7
  2703 | D:3      | Noticed Grinder
  2734 | D:3      | Paralysed by Grinder for 2 turns
  2737 | D:3      | Killed Grinder
  2737 | D:3      | Reached XP level 6. HP: 7/52 MP: 8/8
  2845 | D:3      | HP: 2/52 [poisoned by an adder]
  3380 | D:3      | Found a snail-covered altar of Cheibriados.
  3393 | D:3      | You fall through a shaft for 2 floors!
  3393 | D:5      | Entered Level 5 of the Dungeon
  3747 | D:6      | Reached *** piety under Lugonu
  3833 | D:6      | Reached XP level 7. HP: 10/59 MP: 9/9
  3955 | D:6      | Slain by a bullfrog

Skill      XL: |  1  2  3  4  5  6  7 |
---------------+----------------------+-----
Axes           | 2 3 4 |  4.1
Armour         | 2 3 |  3.6
Invocations    | 3 |  3.8
Fighting       | 4 |  4.3
Dodging        | |  0.9
Evocations     | |  0.3

Action                   |  1- 3 |  4- 6 |  7- 9 || total
-------------------------+-------+-------+-------++-------
Melee: War axe           |   157 |   138 |    48 ||   343
       Kick              |    27 |    18 |     5 ||    50
Invok: Depart the Abyss  |     1 |       |       ||     1
       Banish            |       |       |     2 ||     2
Evoke: Wand              |       |     8 |       ||     8
  Use: Scroll            |     2 |     7 |       ||     9
       Potion            |       |     4 |     3 ||     7
  Eat: Chunk             |     2 |     4 |       ||     6
       Ration            |       |     1 |       ||     1
Armor: Plate armour      |   228 |   144 |    32 ||   404
       Skin              |       |       |    43 ||    43
Dodge: Dodged            |    17 |    22 |     4 ||    43
